 Dungeon Crawl Stone Soup version 0.23-a0-405-g368ce00 (webtiles) character file.

142 MisterFreud the Ducker (level 5, -1/36 HPs)
             Began as an Octopode Monk on Nov 6, 2018.
             Slain by a wight
             ... wielding a cursed +5 scimitar
              (16 damage)
             ... on level 3 of the Dungeon.
             The game lasted 00:03:27 (1749 turns).

MisterFreud the Ducker (Octopode Monk)              Turns: 1749, Time: 00:03:28

Health: -1/36      AC:  1    Str: 10    XL:     5   Next: 25%
Magic:  5/5        EV: 16    Int: 13    God:
Gold:   69         SH:  0    Dex: 15    Spells: 4/4 levels left

rFire    . . .     SeeInvis .   a - +0 falchion
rCold    . . .     Gourm    .   (no shield)
rNeg     . . .     Faith    .   (helmet restricted)
rPois    .         Spirit   .   (no amulet)
rElec    .         Reflect  .   c - ring of protection from magic
rCorr    .         Harm     .   (no ring)
MR       +....                  (no ring)
Stlth    ++++......             (no ring)
HPRegen  0.12/turn              (no ring)
MPRegen  0.09/turn              (no ring)
                                (no ring)
                                (no ring)

@: drained
A: almost no armour, stealthy swim, amphibious, 8 rings, constrict 8, camouflage
1, gelatinous body 1
a: no special abilities


You were on level 3 of the Dungeon.
You were not hungry.

You visited 1 branch of the dungeon, and saw 3 of its levels.

You collected 69 gold pieces.

Inventory:

Hand Weapons
 a - a +0 falchion (weapon)
Jewellery
 c - a ring of protection from magic (left tentacle)
Scrolls
 d - 2 scrolls of remove curse
 h - 3 scrolls of teleportation {unknown}
Potions
 f - a potion of heal wounds
 g - a potion of haste
 i - a potion of lignification
 j - a potion of flight {unknown}
Comestibles
 b - 4 rations
 k - a chunk of flesh


   Skills:
 - Level 3.0(2.9) Fighting
 - Level 3.0(2.9) Long Blades
 + Level 5.3 Dodging
 - Level 4.0 Stealth


You had 4 spell levels left.
You didn't know any spells.
Your spell library was empty.

Dungeon Overview and Level Annotations

Branches:
Dungeon (3/15)

Altars:
Uskayaw


Innate Abilities, Weirdness & Mutations

You cannot wear most types of armour.
You are very stealthy in the water. (Stealth+)
You are amphibious.
You can wear up to eight rings at the same time.
You can use your tentacles to constrict eight enemies at once.
Your skin changes colour to match your surroundings (Stealth+).
Your rubbery body absorbs attacks. (AC +1, EV +1)


Message History

You constrict the wight.
You destroy the wight!
Your Dodging skill increases to level 5!
You have reached level 5!
You feel agile.
A bat comes into view.
Things that are here:
a +5 falchion; a +0 robe A wight comes into view.
It is wielding a +4 hand axe.
The wight hits you with a cursed +5 scimitar!
Found a scale mail.
You are too injured to fight recklessly!
Found a scroll labeled TYF EPAEZIX.
Found a fuming pink potion.
There is a stone staircase leading up here.
Okay, then.
You hit the wight but do no damage. You grab the wight.
You constrict the wight.
The wight hits you with a cursed +5 scimitar!
You die...

..##........## . ?..#
#....#.!.....#........
.
###..#_)..............
..[z#..#)%....##.....
#............#.....
#............#.....
........8.8.8..)...!.
#...........z.....##
#............@.....#
♣................#...
P♣...............#
..................
..............##.#
..........?.## #
...##.....## #.
#####.#


You could see a wight.

Vanquished Creatures
  A wight (D:3)
  2 adders (D:2)
  2 oozes (D:1)
  2 worms (D:2)
  A dart slug (D:1)
  2 leopard geckos
  5 giant cockroaches
  4 goblins
  9 hobgoblins
  A jackal (D:1)
  10 kobolds
  2 ball pythons
  12 bats
  3 frilled lizards
  6 rats
62 creatures vanquished.

Notes
Turn   | Place    | Note
-------+----------+-------------------------------------------
     0 | D:1      | MisterFreud the Octopode Monk began the quest for the Orb.
     0 | D:1      | Reached XP level 1. HP: 16/16 MP: 1/1
   259 | D:1      | Reached XP level 2. HP: 13/21 MP: 2/2
   385 | D:1      | Reached XP level 3. HP: 11/26 MP: 3/3
   813 | D:2      | Reached skill level 4 in Dodging
   911 | D:2      | Reached XP level 4. HP: 28/31 MP: 4/4
  1712 | D:3      | Found a hide-covered altar of Uskayaw.
  1740 | D:3      | Reached skill level 5 in Dodging
  1740 | D:3      | Reached XP level 5. HP: 20/36 MP: 5/5
  1749 | D:3      | Slain by a wight

Vault maps used:
D:1:      kennysheep_arrival_seaside, minmay_bisected
D:3:      demons_altar, eat_drink_and_be_merry_uskayaw, serial_forest,
          infiniplex_forest_fountain, infiniplex_forest_straight_4,
          infiniplex_forest_end_2, infiniplex_forest_clump_C,
          infiniplex_forest_lined_1, uniq_grinder

Skill      XL: |  1  2  3  4 |
---------------+-------------+-----
Stealth        | 4 |  4.0
Dodging        | 4 5 |  5.3
Fighting       | |  3.0
Long Blades    | |  3.0

Action                   |  1- 3 |  4- 6 || total
-------------------------+-------+-------++-------
Melee: Falchion          |    62 |    52 ||   114
       Constrict         |    28 |    20 ||    48
       Tentacles         |    10 |    19 ||    29
  Use: Scroll            |       |     4 ||     4
 Stab: Sleeping          |    13 |     5 ||    18
  Eat: Chunk             |       |     3 ||     3
Armor: Skin              |    14 |     1 ||    15
Dodge: Dodged            |    48 |    39 ||    87
       Rpst.: Falchion   |    14 |    13 ||    27

Table legend:
 A = Non-vault XP
 B = Vault XP
 C = Vault XP percentage of total XP
 D = Non-vault monster count
 E = Vault monster count
 F = Vault count percentage of total count
                 A         B        C        D         E       F
            +---------+---------+-------+---------+---------+-------
      Total |     193 |      11 |   5.4 |      56 |       6 |   9.7
            +---------+---------+-------+---------+---------+-------
        D:1 |      57 |      11 |  16.2 |      30 |       6 |  16.7
        D:2 |      70 |       0 |   0.0 |      23 |       0 |   0.0
        D:3 |      66 |       0 |   0.0 |       3 |       0 |   0.0
            +---------+---------+-------+---------+---------+-------
